 Dungeon Crawl Stone Soup version 0.30.0-5-g1a98f26d00 (webtiles) character file.

Game seed: 1786321450953358695

218 RascalDebosk the Magician (level 6, -6/43 HPs)
             Began as a Djinni Earth Elementalist on May 12, 2023.
             Killed from afar by an orc wizard (9 damage)
             ... with a magic dart
             ... on level 4 of the Dungeon.
             The game lasted 00:14:40 (2829 turns).

RascalDebosk the Magician (DjEE)                    Turns: 2829, Time: 00:14:41

Health: -6/43      AC:  2    Str:  7    XL:     6   Next: 17%
Gold:   98         EV: 12    Int: 19    God:
                   SH:  0    Dex: 13

rFire   + + .        s - +2 dagger (venom)
rCold   x . .        (no shield)
rNeg    . . .        a - +0 robe
rPois   ∞            (no helmet)
rElec   .            (no cloak)
rCorr   .            (no gloves)
SInv    .            (boots unavailable)
Will    .....        (no amulet)
Stlth   ++           (no ring)
HPRegen 0.27/turn    (no ring)
MPRegen 0.00/turn

%: infuse magic (-7 HP)
@: flying, very slightly contaminated
A: sickness immunity, fire resistance 2, cold vulnerability 1, float, innate
caster, HP casting, extra vitality 1
a: no special abilities


You were on level 4 of the Dungeon.
You visited 1 branch of the dungeon, and saw 4 of its levels.

You collected 98 gold pieces.

Inventory:

Hand Weapons
 s - a +2 dagger of venom (weapon)
Armour
 a - a +0 robe (worn)
Scrolls
 b - 4 scrolls of identify {unknown}
 d - a scroll of immolation {unknown}
 e - 3 scrolls of teleportation {unknown}
 f - 2 scrolls of fear {unknown}
 g - a scroll of noise {unknown}
 i - a scroll of poison {unknown}
 j - a scroll of vulnerability {unknown}
Potions
 c - 2 potions of heal wounds {unknown}
 h - a potion of brilliance {unknown}
 k - a potion of curing {unknown}
 l - 2 potions of magic {unknown}


   Skills:
 * Level 1.8 Fighting
 + Level 0.4 Short Blades
 + Level 1.1 Armour
 - Level 2.1 Dodging
 - Level 1.5 Stealth
 * Level 4.3 Spellcasting
 + Level 1.0 Evocations


You knew the following spells:

 Your Spells              Type           Power      Damage    Failure   Level
a - Sandblast             Erth           40%        2d10      2%          1
b - Passwall              Tmut/Erth      16%        N/A       3%          2
c - Stone Arrow           Conj/Erth      40%        3d9       7%          3
d - Petrify               Tmut/Erth      20%        N/A       22%         4
e - Magic Dart            Conj           80%        1d7       2%          1
f - Ensorcelled Hibernat  Hex/Ice        40%        N/A       3%          2
Your spell library was empty.

Dungeon Overview and Level Annotations

Branches:
Dungeon (4/15)
 Temple: D:4-7

Altars:
Cheibriados
Makhleb


Innate Abilities, Weirdness & Mutations

You are immune to sickness and miasma.
You are immune to poison.
Your flesh is very heat resistant. (rF++)
You are vulnerable to cold. (rC-)
You float through the air rather than walking.
You learn spells naturally, not from books.
Your magical power is your life essence.
You have superior vitality. (+4 MHP)


Message History

Aiming: Ensorcelled Hibernation (safe; 3% risk of failure)
Press: ? - help, Shift-Dir - straight line, f - kobold
Aim: a kobold, wielding a +0 whip and quivering poisoned darts (chance to affect: 70%)
The kobold looks drowsy...
The orc hits you with a +0 club.
You kill the orc!
The helpless kobold fails to defend itself.
You hit the kobold.
You kill the kobold!
Things that are here:
a +0 whip; 6 poisoned darts You now have 98 gold pieces (gained 18).
c - 2 bubbling puce potions (gained 1)
An orc comes into view. It is wielding a +0 trident.
The orc shouts!
You hear a shout! x2
The orc throws a boomerang.
The boomerang closely misses you.
An orc comes into view. It is wielding a +0 dagger.
The orc throws a boomerang.
The boomerang barely misses you.
An orc wizard comes into view. It is wielding a +0 dagger.
A ball python comes into view.
Casting: Ensorcelled Hibernation (safe; 3% risk of failure)
Confirm with . or Enter, or press ? or * to list all spells.
Aiming: Ensorcelled Hibernation (safe; 3% risk of failure)
Press: ? - help, Shift-Dir - straight line, f - orc
Aim: an orc, wielding a +0 trident and quivering boomerangs (chance to affect: 70%)
The orc looks drowsy...
The ball python hisses angrily.
The orc wizard shouts!
The orc wizard mumbles some strange words.
The orc wizard flickers and vanishes!
Deactivating autopickup; reactivate with Ctrl-A.
The helpless orc fails to defend itself.
You puncture the orc!
The orc is poisoned.
The orc is almost dead.
You kill the orc!
The ball python misses you. The ball python grabs you.
The ball python constricts you.
You hit the ball python.
You kill the ball python!
Casting: Ensorcelled Hibernation (safe; 3% risk of failure)
Confirm with . or Enter, or press ? or * to list all spells.
Aiming: Stone Arrow (dangerous; 7% risk of failure)
Press: ? - help, Shift-Dir - straight line, f - orc
Aim: an orc, wielding a +0 dagger (71% to hit)
The stone arrow hits the orc!
You kill the orc!
You hear some strange, mumbled words.
Something tries to affect you, but you resist.
Things that are here:
a +0 trident; 3 boomerangs; a ball python corpse You closely miss something.
You hit something but do no damage. Your punch misses something.
Something hits you.
You hit something. Something hits you.
You hit something but do no damage. Something hits you.
You miss something. Something hits you.
You completely miss something. Something hits you.
You miss something. Something barely misses you.
You barely miss something. Something hits you.
You hit something. Something hits you but does no damage.
You closely miss something. Something hits you.
* * * LOW HITPOINT WARNING * * *
You completely miss something. Something hits you but does no damage.
Casting: Stone Arrow (dangerous; 7% risk of failure)
Confirm with . or Enter, or press ? or * to list all spells.
You can't see any susceptible monsters within range! (Use Z to cast anyway.)
Casting: Stone Arrow (dangerous; 7% risk of failure)
Confirm with . or Enter, or press ? or * to list all spells.
The spell is quite dangerous to miscast (22% risk of failure)!
Continue anyway?
Aiming: Petrify (quite dangerous; 22% risk of failure)
Press: ? - help, Shift-Dir - straight line You miscast Petrify.
You are very lightly contaminated with residual magic.
Sand pours from your hands.
* * * LOW HITPOINT WARNING * * *
* * * LOW HITPOINT WARNING * * *
Something hits you.
* * * LOW HITPOINT WARNING * * *
Casting: Petrify (quite dangerous; 22% risk of failure)
Confirm with . or Enter, or press ? or * to list all spells.
You can't see any susceptible monsters within range! (Use Z to cast anyway.)
Casting: Petrify (quite dangerous; 22% risk of failure)
Confirm with . or Enter, or press ? or * to list all spells.
You can't see any susceptible monsters within range! (Use Z to cast anyway.)
Casting: Petrify (quite dangerous; 22% risk of failure)
Confirm with . or Enter, or press ? or * to list all spells.
Aiming: Sandblast (safe; 2% risk of failure)
Press: ? - help, Shift-Dir - straight line The blast of sand hits something.
* * * LOW HITPOINT WARNING * * *
You hear some strange, mumbled words.
A magic dart appears from out of thin air!
The magic dart hits you!
You die...

## ... ######## ....
#....... ..... #.......
......###########..)....
.....){@................
.≈≈.#.###########.......
. .. #.....). ...
#....... ... #####.## .#
#.# #.# #.# #.#


There were no monsters in sight!

Vanquished Creatures
  A scorpion (D:3)
  A quasit (D:4)
  4 adders
  2 shadow imps (D:4)
  A white imp (D:4)
  2 ufetubi (D:4)
  4 dart slugs
  3 orcs (D:4)
  2 endoplasms
  A giant cockroach (D:1)
  3 hobgoblins (D:1)
  6 kobolds
  A quokka (D:2)
  A ball python (D:4)
  6 bats
  4 frilled lizards
  9 goblins
  6 rats
57 creatures vanquished.

Notes
Turn   | Place    | Note
-------+----------+-------------------------------------------
     0 | D:1      | RascalDebosk the Djinni Earth Elementalist began the quest
                  | for the Orb.
     0 | D:1      | RascalDebosk set off with the following spells memorised:
                  | Sandblast, Passwall, Stone Arrow, Petrify.
     0 | D:1      | Reached XP level 1. HP: 15/15 MP: 0/0
    98 | D:1      | Reached XP level 2. HP: 18/21 MP: 0/0
   141 | D:1      | Found a faded altar of an unknown god.
   152 | D:1      | Reached skill level 3 in Spellcasting
   288 | D:1      | Reached XP level 3. HP: 17/25 MP: 0/0
   288 | D:1      | Learned a level 1 spell: Magic Dart
   947 | D:2      | Reached XP level 4. HP: 30/31 MP: 0/0
  1727 | D:3      | Noticed a scorpion
  1738 | D:3      | Killed a scorpion
  1739 | D:3      | Reached skill level 4 in Spellcasting
  1739 | D:3      | Reached skill level 1 in Fighting
  1739 | D:3      | Reached XP level 5. HP: 3/37 MP: 0/0
  1739 | D:3      | Learned a level 2 spell: Ensorcelled Hibernation
  2127 | D:3      | Found a burning altar of Makhleb.
  2208 | D:3      | Found a snail-covered altar of Cheibriados.
  2532 | D:4      | Reached skill level 1 in Armour
  2534 | D:4      | Reached skill level 1 in Evocations
  2534 | D:4      | Reached XP level 6. HP: 2/42 MP: 0/0
  2829 | D:4      | Killed from afar by an orc wizard

Illustrated notes

Levels and vault maps discovered:
D:1:      minmay_arrival_four_circles, layout_loops_cross,
          dreamdust_ecumenical_altar_grove
D:2:      layout_loops_corners, minmay_misc_feat_tower, serial_bayou_ford_a
D:3:      layout_basic, mainiacjoe_overflow_alcove_4, kennysheep_slug_shrine,
          skrybe_limestone_x
D:4:      minmay_opposing_rooms, layout_rooms, serial_demonic, serial_demonic_g,
          serial_demonic_c, serial_demonic_f, serial_demonic_f,
          serial_demonic_g, serial_demonic_e, serial_demonic_b,
          serial_demonic_f, palyth_stone_intersect, minmay_misc_feat_room,
          uniq_menkaure, uniq_blork_the_orc

Skill      XL: |  1  2  3  4  5 |
---------------+----------------+-----
Spellcasting   | 3 4 |  4.3
Fighting       | 1 |  1.8
Armour         | 1 |  1.1
Evocations     | 1 |  1.0
Short Blades   | |  0.4
Dodging        | |  2.1
Stealth        | |  1.5

Action                     |  1- 3 |  4- 6 || total
---------------------------+-------+-------++-------
  Melee: Hand axe          |     9 |       ||     9
         Dagger            |       |    19 ||    19
   Cast: Sandblast         |    30 |     5 ||    35
         Magic Dart        |    12 |    16 ||    28
         Stone Arrow       |       |    17 ||    17
         Ensorcelled Hiber |       |     5 ||     5
   Stab: Sleeping          |       |     7 ||     7
 Armour: Robe              |     4 |     4 ||     8
  Dodge: Dodged            |    19 |    21 ||    40
